 Dungeon Crawl Stone Soup version 0.21.1-1-g345015fe64 (webtiles) character file.

2775 Jannitor the Nimble (level 9, -1/47 HPs)
             Began as a Spriggan Berserker on May 25, 2018.
             Was an Elder of Trog.
             Shot with a bolt by an orc (13 damage)
             ... in a bailey.
             The game lasted 00:10:46 (6295 turns).

Jannitor the Nimble (Spriggan Berserker)            Turns: 6295, Time: 00:10:47

Health: -1/47      AC:  3    Str: 16    XL:     9   Next: 42%
Magic:  10/10      EV: 25    Int:  8    God:    Trog [****..]
Gold:   363        SH:  0    Dex: 16    Spells: 8/8 levels left

rFire    . . .     SeeInvis +   a - +0 short sword
rCold    . . .     Gourm    .   (shield restricted)
rNeg     . . .     Faith    .   b - +1 animal skin
rPois    .         Spirit   .   (helmet restricted)
rElec    .         Reflect  .   (no cloak)
rCorr    .         Harm     .   (gloves unavailable)
MR       +++..     Rnd*Tele +   (boots unavailable)
Stlth    ++++......             (no amulet)
HPRegen  1.15/turn              e - +5 ring of slaying
MPRegen  0.12/turn              n - ring of teleportation (curse)

@: regenerating, very quick
A: very small, unfitting armour, see invisible, herbivore, speed 3, slow
metabolism 2
a: Berserk, Trog's Hand, Brothers in Arms, Burn Spellbooks, Renounce Religion


You were in a bailey.
You worshipped Trog.
Trog was greatly pleased with you.
You were not hungry.

You visited 1 branch of the dungeon, and saw 7 of its levels.
You also visited: Sewer and Bailey.

You collected 363 gold pieces.

Inventory:

Hand Weapons
 a - a +0 short sword (weapon)
Missiles
 k - 47 poisoned needles
 p - 2 throwing nets (quivered)
 s - 4 bolts
Armour
 b - a +1 animal skin (worn)
Jewellery
 e - a +5 ring of slaying (left hand)
 n - a cursed ring of teleportation (right hand)
Wands
 h - a wand of random effects (26)
 j - a wand of iceblast (3)
Scrolls
 d - 6 scrolls of identify
 r - 3 scrolls of remove curse
 t - a scroll of enchant weapon {unknown}
 v - a scroll of noise {unknown}
Potions
 f - 3 potions of curing {unknown}
 g - 3 potions of magic
 i - 5 potions of brilliance
 l - 2 potions of agility {unknown}
 m - a potion of berserk rage {unknown}
 o - a potion of degeneration {unknown}
 q - 2 potions of mutation {unknown}
Comestibles
 c - 16 rations


   Skills:
 + Level 5.5 Fighting
 + Level 7.2 Short Blades
 + Level 5.1 Throwing
 + Level 9.5 Dodging
 + Level 9.2 Stealth


You had 8 spell levels left.
You didn't know any spells.

Dungeon Overview and Level Annotations

Branches:
Dungeon (7/15)             Temple (0/1) D:7

Altars:
Dithmenos
Fedhas
Kikubaaqudgha
Okawaru
Ru
Uskayaw

Shops:
D:5 :

Annotations:
D:3 1 runed door
D:6 kaisn's ghost, novice DDHu


Innate Abilities, Weirdness & Mutations

You are very small and have problems with some larger weapons.
You are too small for most types of armour.
You have supernaturally acute eyesight. (SInv)
You are a herbivore.
You cover ground extremely quickly.
You need consume almost no food.


Message History

You barely miss the orc.
The orc unwields an uncursed arbalest.
The orc hits you.
You barely miss the orc.
The orc shoots a bolt.
The bolt hits you!
The orc shoots a bolt.
The bolt misses you.
You hear a shout!
You are too injured to fight recklessly!
You are too injured to fight recklessly!
The orc wields an uncursed arbalest.
The orc shoots a bolt.
The bolt misses you.
The orc shoots a bolt.
The bolt closely misses you.
The orc warrior shoots a bolt.
The bolt hits you!
* * * LOW HITPOINT WARNING * * *
You hear a shout!
You see here a bolt.
The orc shoots a bolt.
The bolt barely misses you.
The orc shoots a bolt.
The bolt completely misses you.
Your skin crawls.
You feel resistant to hostile enchantments.
You feel somewhat more hungry.
The orc shoots a bolt.
The bolt hits you!
You die...

#o#≈≈......#
≈≈≈≈≈≈......#
≈≈≈≈≈≈≈......#
≈≈≈≈≈≈≈......#
≈≈≈≈≈≈≈......#
≈≈≈≈≈≈≈......#
≈≈≈≈≈≈o.....(#
≈≈≈≈≈≈≈...(.(#
≈≈≈≈≈≈≈..(.@.#
≈≈≈≈≈≈o((...(#
≈≈≈≈≈≈≈).....#
≈≈≈≈≈≈≈......#
≈≈≈≈≈≈≈......#
≈≈≈≈≈≈≈..(...#
≈≈#o#≈≈......#
≈#∩o##≈......#
≈ .. o≈......#


You could see 2 orcs.

Vanquished Creatures
  A hippogriff (D:7)
  Sigmund (D:3)
  Eustachio (D:4)
  Edmund (D:5)
  An ice beast (D:5)
  A sky beast (D:5)
  A black bear (D:4)
  A necrophage (D:7)
  6 ogres
  A centaur (D:5)
  A crocodile (Sewer)
  3 bullfrogs
  A scorpion (D:4)
  4 killer bees (D:7)
  A howler monkey (D:4)
  A bullfrog zombie (D:5)
  A crimson imp (D:6)
  A quasit (D:5)
  2 hounds
  2 orc wizards
  An iguana (D:5)
  9 worker ants
  Robin (D:2)
  5 gnolls
  5 adders
  A howler monkey skeleton (D:4)
  A river rat (D:3)
  A shadow imp (D:5)
  An ooze (D:1)
  An adder skeleton (D:4)
  2 worms
  3 dart slugs
  3 leopard geckos
  10 orcs
  8 bats
  2 bat zombies (D:3)
  7 giant cockroaches
  11 hobgoblins
  2 jackals (D:2)
  6 ball pythons
  5 frilled lizards
  15 goblins
  6 kobolds
  7 rats
  2 rat zombies (D:3)
147 creatures vanquished.

Notes
Turn   | Place    | Note
-------+----------+-------------------------------------------
     0 | D:1      | Jannitor the Spriggan Berserker began the quest for the Orb.
     0 | D:1      | Reached XP level 1. HP: 11/11 MP: 2/2
   139 | D:1      | Reached skill level 1 in Stealth
   181 | D:1      | Reached XP level 2. HP: 15/16 MP: 3/3
   370 | D:1      | Reached XP level 3. HP: 12/19 MP: 4/4
   608 | D:1      | Reached ** piety under Trog
   608 | D:1      | Reached skill level 5 in Dodging
   655 | D:2      | Noticed Robin
   758 | D:2      | Found a shadowy altar of Dithmenos.
  1237 | D:3      | Found a glowing drain.
  1251 | D:3      | Reached XP level 4. HP: 22/23 MP: 5/5
  1280 | Sewer    | Entered a sewer
  1311 | Sewer    | Noticed a crocodile
  1320 | Sewer    | Killed a crocodile
  1320 | Sewer    | Reached XP level 5. HP: 22/28 MP: 6/6
  1517 | D:3      | Found a runed door.
  1812 | D:3      | Noticed Sigmund
  1820 | D:3      | Killed Sigmund
  1820 | D:3      | Reached skill level 1 in Throwing
  1820 | D:3      | Reached XP level 6. HP: 32/32 MP: 7/7
  1875 | D:3      | Found an ancient bone altar of Kikubaaqudgha.
  2188 | D:4      | Reached *** piety under Trog
  2356 | D:4      | Noticed Eustachio
  2369 | D:4      | Killed Eustachio
  2369 | D:4      | Reached skill level 5 in Short Blades
  2369 | D:4      | Reached skill level 5 in Stealth
  2369 | D:4      | Reached XP level 7. HP: 37/37 MP: 8/8
  2656 | D:4      | Found a sacrificial altar of Ru.
  2688 | D:4      | Found an iron altar of Okawaru.
  3126 | D:5      | Entered Level 5 of the Dungeon
  3581 | D:5      | Reached XP level 8. HP: 36/42 MP: 9/9
  4543 | D:2      | Killed Robin
  4560 | D:2      | Reached **** piety under Trog
  4970 | D:5      | Found Janehydu's Book Boutique.
  4970 | D:5      | Noticed Edmund
  4979 | D:5      | Killed Edmund
  5118 | D:6      | Found a hide-covered altar of Uskayaw.
  5121 | D:6      | Noticed a dagger
  5122 | D:6      | Noticed an enchanted dagger
  5135 | D:6      | Noticed kaisn's ghost (novice DDHu)
  5237 | D:5      | Reached skill level 5 in Fighting
  5652 | D:6      | Reached XP level 9. HP: 33/47 MP: 10/10
  5828 | D:6      | Found a blossoming altar of Fedhas.
  6207 | D:7      | Reached skill level 5 in Throwing
  6226 | D:7      | Found a flagged portal.
  6237 | Bailey   | Entered a bailey
  6295 | Bailey   | Shot with a bolt by an orc

Skill      XL: |  1  2  3  4  5  6  7  8  9 |
---------------+----------------------------+-----
Stealth        | 1 2 3 4 5 6 8 9 |  9.2
Dodging        | 5 6 7 8 9 |  9.5
Fighting       | 3 4 5 |  5.5
Short Blades   | 4 5 6 7 |  7.2
Throwing       | 1 2 3 4 5 |  5.1

Action                   |  1- 3 |  4- 6 |  7- 9 || total
-------------------------+-------+-------+-------++-------
Melee: Short sword       |   101 |    73 |   279 ||   453
Invok: Berserk           |       |     3 |     4 ||     7
       Trog's Hand       |       |       |     2 ||     2
       Burn Spellbooks   |       |       |     1 ||     1
Evoke: Wand              |       |       |     8 ||     8
  Use: Scroll            |     4 |       |     4 ||     8
 Stab: Sleeping          |     6 |     7 |     9 ||    22
  Eat: Ration            |       |     1 |     5 ||     6
Armor: Animal skin       |     9 |     7 |    17 ||    33
Dodge: Dodged            |    77 |    65 |   260 ||   402
